 Dungeon Crawl Stone Soup version 0.18-a0-888-gdb73dea (webtiles) character file.

45 filipzpl the Skirmisher (level 3, -1/24 HPs)
             Began as a Gargoyle Berserker on Dec 23, 2015.
             Was a Follower of Trog.
             Slain by a kobold
             ... wielding a +0 dagger
              (3 damage)
             ... on level 3 of the Dungeon.
             The game lasted 00:02:24 (541 turns).

filipzpl the Skirmisher (Gargoyle Berserker)         Turns: 541, Time: 00:02:24

Health: -1/24      AC:  5    Str: 21    XL:     3   Next: 64%
Magic:  3/3        EV: 12    Int:  7    God:    Trog [*.....]
Gold:   40         SH:  0    Dex:  9    Spells: 0 memorised, 2 levels left

rFire  . . .     SeeInvis .     a - +0 mace
rCold  . . .     Gourm    .     b - +0 animal skin
rNeg   + . .     Faith    .     (no shield)
rPois  ∞         Spirit   .     (no helmet)
rElec  +         Dismiss  .     (no cloak)
rCorr  .         Reflect  .     (no gloves)
SustAt .         Harm     .     (no boots)
MR     .....                    (no amulet)
Stlth  +.........               (no ring)
                                (no ring)

@: not resistant to hostile enchantments, very unstealthy
A: negative energy resistance 1, electricity resistance, unbreathing,
petrification resistance, rot immunity, AC +3
a: Berserk, Burn Spellbooks, Renounce Religion


You were on level 3 of the Dungeon.
You worshipped Trog.
Trog was aware of your devotion.
You were not hungry.

You visited 1 branch of the dungeon, and saw 3 of its levels.

You collected 40 gold pieces.

Inventory:

Hand Weapons
 a - a +0 mace (weapon)
Armour
 b - a +0 animal skin (worn)
Potions
 d - a potion of curing {unknown}
Comestibles
 c - a bread ration


   Skills:
 + Level 3.8 Fighting
 + Level 3.5 Maces & Flails
 + Level 2.3 Armour
 + Level 2.0 Dodging
 + Level 0.5 Stealth


You had 2 spell levels left.
You didn't know any spells.

Dungeon Overview and Level Annotations

Branches:
Dungeon (3/15)

Altars:


Innate Abilities, Weirdness & Mutations

You are resistant to torment.
Your stone body is resilient (AC +3).
You are immune to poison.
You resist negative energy.
You are resistant to electric shocks.
You can survive without breathing.
You are immune to petrification.
You are immune to rotting.


Message History

* * * LOW HITPOINT WARNING * * *
The rat barely misses you. The kobold barely misses you. The rat bites you.
* * * LOW HITPOINT WARNING * * *
The kobold closely misses you. The rat barely misses you.
The kobold closely misses you. The rat bites you but does no damage.
The kobold hits you but does no damage. The rat closely misses you.
The kobold hits you but does no damage. The rat misses you.
The kobold hits you but does no damage. The rat bites you but does no damage.
The kobold barely misses you. The rat bites you.
* * * LOW HITPOINT WARNING * * *
The kobold closely misses you. The rat barely misses you.
The kobold barely misses you. The rat bites you but does no damage.
The kobold hits you but does no damage. The rat misses you.
The kobold hits you but does no damage. The rat closely misses you.
The kobold closely misses you. The rat bites you but does no damage.
The kobold closely misses you. The rat bites you.
* * * LOW HITPOINT WARNING * * *
The kobold hits you with a dagger.
You die...

.+..>.........####.
.##...............
.##........##..###.
.....#####.........
.....#......##..##.# .
.....#......# #.##.# ...
.....#......###..#.#....
##.....................$
#......##......@.......
#......##.....rK.......
#......#...............
.# #................
#.................
#..................
#..................
................


You could see a kobold and a rat.

Vanquished Creatures
  3 adders
  A giant gecko (D:1)
  A bat (D:1)
  A hobgoblin (D:1)
  6 jackals
  A ball python (D:1)
  A giant newt (D:2)
  2 rats
16 creatures vanquished.

Notes
Turn   | Place    | Note
--------------------------------------------------------------
     0 | D:1      | filipzpl the Gargoyle Berserker began the quest for the Orb.
     0 | D:1      | Reached XP level 1. HP: 14/14 MP: 1/1
    22 | D:1      | Reached XP level 2. HP: 6/19 MP: 2/2
   417 | D:3      | Reached XP level 3. HP: 21/24 MP: 3/3
   541 | D:3      | Slain by a kobold

Vault maps used:
D:1:      dpeg_arrival_rooms_b, minivault_14
D:2:      vehumet_crystals
D:3:      first_bread, uniq_sigmund, uniq_natasha

Action                   || total
-------------------------++-------
Melee: Mace              ||    43
 Stab: Sleeping          ||     1
